Construct Section Command Post
Selects Indian Artillery Battlegroup
Selects Gurkha Rifles Section
Construct Platoon Command Post
Selects Towed ML 4.2-inch Heavy Mortar
Towed ML 4.2-inch Heavy Mortar
Selects Off-map Airburst Barrage
6-pounder Anti-tank Gun Team
Selects Volunteer Infantry
Unlock Bishop Self-propelled Artillery
Bishop Self-propelled Artillery
6-pounder Anti-tank Gun Team
6-pounder Anti-tank Gun Team